 Dungeon Crawl Stone Soup version 0.29-a0-994-gc5c9f59d18 (webtiles) character file.

Game seed: 11056257261771747164

63 wingedge the Firebug (level 4, -2/32 HPs)
             Began as a Human Fire Elementalist on Aug 3, 2022.
             Slain by Terence
             ... wielding a +0 trident
              (5 damage)
             ... on level 3 of the Dungeon.
             The game lasted 00:12:46 (1546 turns).

wingedge the Firebug (Human Fire Elementalist)      Turns: 1546, Time: 00:12:47

Health: -2/32      AC:  2    Str: 11    XL:     4   Next: 30%
Magic:  5/7        EV: 11    Int: 15    God:
Gold:   67         SH:  3    Dex: 13    Spells: 6/7 levels left

rFire   . . .      SeeInvis .   m - +2 hand axe (venom)
rCold   . . .      Faith    .   f - +0 buckler
rNeg    . . .      Spirit   .   a - +0 robe
rPois   .          Reflect  .   (no helmet)
rElec   .          Harm     .   (no cloak)
rCorr   .          Rampage  .   (no gloves)
Will    .....                   (no boots)
Stlth   ++........              (no amulet)
HPRegen 0.10/turn               (no ring)
MPRegen 0.10/turn               (no ring)

@: mighty
A: no striking features
a: no special abilities


You were on level 3 of the Dungeon.
You visited 1 branch of the dungeon, and saw 4 of its levels.

You collected 67 gold pieces.

Inventory:

Hand Weapons
 m - a +2 hand axe of venom (weapon)
Armour
 a - a +0 robe (worn)
 e - a +0 ring mail
 f - a +0 buckler (worn)
 g - an orb of mayhem
Scrolls
 c - a scroll of amnesia {unknown}
 h - a scroll of enchant weapon {unknown}
 i - a scroll of teleportation {unknown}
 j - a scroll of immolation {unknown}
 k - a scroll of fog {unknown}
 l - a scroll of brand weapon {unknown}
Potions
 b - a potion of magic
 d - a potion of might
 n - a potion of lignification {unknown}


   Skills:
 + Level 1.2 Fighting
 - Level 1.0 Axes
 - Level 2.0 Dodging
 - Level 2.0 Stealth
 - Level 1.0 Unarmed Combat
 - Level 2.0 Spellcasting
 - Level 3.0 Conjurations
 - Level 3.0 Fire Magic


You had 6 spell levels left.
You knew the following spells:

 Your Spells              Type           Power      Damage    Failure   Level
a - Foxfire               Conj/Fire      40%        2x1d6     9%          1

Your spell library contained the following spells:

 Spells                   Type           Power      Damage    Failure   Level
 Scorch                   Fire           20%        2d6       13%         2
 Conjure Flame            Conj/Fire      10%        6-21      26%         3
 Inner Flame              Hex/Fire       6%         N/A       43%         3
 Flame Wave               Conj/Fire      10%        2d6       65%         4


Dungeon Overview and Level Annotations

Branches:
Dungeon (4/15)
 Temple: D:4-7

Altars:

Annotations:
D:3 Terence


Message History

Casting: Foxfire (safe; 9% risk of failure)
Confirm with . or Enter, or press ? or * to list all spells.
You conjure some foxfire!
The foxfire hits the orc but does no damage. x2
Terence the Incautious comes into view.
He is wielding a +0 trident.
Casting: Foxfire (safe; 9% risk of failure)
Confirm with . or Enter, or press ? or * to list all spells.
You conjure some foxfire!
Terence drinks a potion.
Terence seems to speed up.
Casting: Foxfire (safe; 9% risk of failure)
Confirm with . or Enter, or press ? or * to list all spells.
You conjure some foxfire!
The foxfire hits the orc but does no damage. x2
You hit the orc but do no damage.
The orc is poisoned.
The foxfire hits the orc but does no damage.
The orc is lightly wounded.
The foxfire hits the orc.
The orc is heavily wounded.
The orc hits you but does no damage. The orc hits you with a +0 flail.
It was a potion of might.
You feel very mighty all of a sudden.
Terence hits you from afar with a +0 trident.
The orc barely misses you.
Casting: Foxfire (safe; 9% risk of failure)
Confirm with . or Enter, or press ? or * to list all spells.
Okay, then.
Okay, then.
You slash the orc!
You kill the orc!
You block Terence's attack. Terence closely misses you.
Terence closely misses you. Terence hits you but does no damage.
Things that are here:
a +0 flail; a +0 chain mail; an orc corpse You completely miss Terence.
Terence hits you with a +0 trident. Terence closely misses you.
You hit Terence.
Terence is poisoned.
Terence is moderately wounded.
Terence hits you with a +0 trident!
* * * LOW HITPOINT WARNING * * *
Terence hits you with a +0 trident.
You die...

... ...........
#... ..
........... #...
[.#..........
+....
...#......#
#.... #.##.....#
#..$..#.##.)...#
#.....#@.#.....#
#.@.#.....#
#.........#
#.........##
#...)>.....#
#...#.#.####
#.......#
#......##
#......#
####...#


You could see Terence (fast, very poisoned).

Vanquished Creatures
  An adder (D:2)
  2 worms
  An orc (D:3)
  3 bats
  3 endoplasms
  6 giant cockroaches
  3 goblins
  2 hobgoblins
  3 jackals (D:2)
  3 kobolds
  3 quokkas
  7 ball pythons
  2 frilled lizards (D:1)
  4 rats
43 creatures vanquished.

Vanquished Creatures (others)
  104 foxfires
104 creatures vanquished.

Grand Total: 147 creatures vanquished

Notes
Turn   | Place    | Note
-------+----------+-------------------------------------------
     0 | D:1      | wingedge the Human Fire Elementalist began the quest for
                  | the Orb.
     0 | D:1      | Reached XP level 1. HP: 13/13 MP: 3/3
   155 | D:1      | Reached XP level 2. HP: 19/19 MP: 0/5
   666 | D:1      | Reached XP level 3. HP: 24/24 MP: 3/6
   794 | D:1      | Found a faded altar of an unknown god.
  1123 | D:2      | Reached skill level 1 in Unarmed Combat
  1250 | D:2      | Reached skill level 1 in Fighting
  1250 | D:2      | Reached XP level 4. HP: 32/32 MP: 4/7
  1441 | D:2      | You fall into a shaft and drop 2 floors!
  1517 | D:3      | Reached skill level 1 in Axes
  1538 | D:3      | Noticed Terence
  1546 | D:3      | Slain by Terence

Illustrated notes

Levels and vault maps discovered:
D:1:      dpeg_arrival_rooms_with_view, layout_rooms,
          dreamdust_ecumenical_altar_grove, minmay_domino_4
D:2:      minmay_spotlight, layout_loops_ring, minmay_ruptured
D:3:      layout_basic, zin_academy, kennysheep_generic_room_15, uniq_terence
D:4:      layout_basic, hangedman_abyss_or_decor_stagger, uniq_grinder

Skill      XL: |  1  2  3  4 |
---------------+-------------+-----
Conjurations   | 2 3 |  3.0
Unarmed Combat | 1 |  1.0
Fighting       | 1 |  1.2
Axes           | 1 |  1.0
Dodging        | |  2.0
Stealth        | |  2.0
Spellcasting   | |  2.0
Fire Magic     | |  3.0

Action                   |  1- 3 |  4- 6 || total
-------------------------+-------+-------++-------
Melee: Dagger            |     2 |       ||     2
       Hand axe          |    21 |    15 ||    36
       Club              |     1 |       ||     1
 Cast: Foxfire           |    48 |    13 ||    61
  Use: Potion            |       |     1 ||     1
Armor: Robe              |     2 |     4 ||     6
Dodge: Dodged            |     8 |     9 ||    17
Block: Buckler           |     2 |     3 ||     5

Table legend: (Time is in decaauts)
 A = Elapsed time spent in this place.
 B = Non-inter-level travel time spent in this place.
 C = Inter-level travel time spent in this place.
 D = Time resting spent in this place.
 E = Time spent auto-exploring this place.
 F = Levels seen in this place.
 G = Mean time per level.
                   A        B        C        D        E       F      G
               +--------+--------+--------+--------+--------+-----+--------+
         Total |   1556 |   1480 |     76 |    596 |    202 |   4 |  389.0 |
       Dungeon |   1556 |   1480 |     76 |    596 |    202 |   4 |  389.0 |
               +--------+--------+--------+--------+--------+-----+--------+

Top non-repeatable levels by time:
     D:1: 1055 daAuts
     D:2: 393 daAuts
     D:4: 68 daAuts
     D:3: 38 daAuts
